 Dungeon Crawl Stone Soup version 0.22-a0-148-gf2798f9f4d (webtiles) character file.

44 MrRokkomies the Ruffian (level 3, -7/31 HPs)
             Began as a Ghoul Monk on Feb 7, 2018.
             Mangled by Zaque's ghost (8 damage)
             ... on level 3 of the Dungeon.
             The game lasted 00:03:06 (1897 turns).

MrRokkomies the Ruffian (Ghoul Monk)                Turns: 1897, Time: 00:03:07

Health: -7/31      AC:  4    Str: 12 (15) XL:     3   Next: 60%
Magic:  2/2        EV:  8    Int:  2 (5)  God:
Gold:   154        SH:  7    Dex:  6 (8)  Spells: 2/2 levels left

rFire    . . .     SeeInvis .     - Unarmed
rCold    + . .     Gourm    .   g - +1 shield {rN+}
rNeg     + + +     Faith    .   o - +0 ring mail
rPois    ∞         Spirit   .   f - -2 helmet (curse)
rElec    .         Reflect  .   (no cloak)
rCorr    .         Harm     .   (no gloves)
MR       .....                  (no boots)
Stlth    +.........             (no amulet)
HPRegen  0.00/turn              (no ring)
MPRegen  0.08/turn              d - -3 ring of dexterity (curse)

@: rotting, hasted, very quick
A: rotting body, claws 1, carnivore, cold resistance 1, negative energy
resistance 3, inhibited regeneration, torment resistance, unbreathing
a: no special abilities


You were on level 3 of the Dungeon.
You were not hungry.

You visited 1 branch of the dungeon, and saw 3 of its levels.

You collected 154 gold pieces.

Inventory:

Armour
 a - a +0 robe
 f - a cursed -2 helmet (worn)
 g - a +1 shield of positive energy (worn)
 o - a +0 ring mail (worn)
Jewellery
 d - a cursed -3 ring of dexterity (right claw)
Wands
 l - a wand of clouds (2)
Scrolls
 j - a scroll of amnesia
Potions
 e - a potion of curing
 i - a potion of haste
 k - a potion of degeneration
Comestibles
 b - 3 rations
 c - 3 chunks of flesh


   Skills:
 - Level 3.5 Fighting
 - Level 2.6 Dodging
 - Level 2.1 Stealth
 * Level 1.4 Shields
 * Level 4.2 Unarmed Combat


You had 2 spell levels left.
You didn't know any spells.

Dungeon Overview and Level Annotations

Branches:
Dungeon (3/15)

Altars:

Annotations:
D:3 Zaque's ghost, amateur DDMo


Innate Abilities, Weirdness & Mutations

Your body is rotting away.
You thrive on raw meat.
You are immune to poison.
You have sharp fingernails.
You are carnivorous and can eat meat at any time.
Your flesh is cold resistant. (rC+)
You are immune to negative energy. (rN+++)
You do not regenerate when monsters are visible.
You are immune to unholy pain and torment.
You can survive without breathing.


Message History

You feel weakened.
You feel dopey.
You feel clumsy. You block Zaque's ghost's attack.
It was a potion of berserk rage.
You cannot raise a blood rage in your lifeless body.
You block Zaque's ghost's attack.
You scratch Zaque's ghost.
Zaque's ghost is moderately damaged.
You claw Zaque's ghost!
Zaque's ghost is heavily damaged.
Zaque's ghost hits you but does no damage.
You scratch Zaque's ghost.
Zaque's ghost is severely damaged.
Zaque's ghost hits you!
* * * LOW HITPOINT WARNING * * *
You barely miss Zaque's ghost.
Zaque's ghost is severely damaged.
Your shield and ring mail prevent you from hitting Zaque's ghost.
Zaque's ghost is severely damaged.
Zaque's ghost hits you!
You die...

#+ #.# ######.#
.......## .......##
........# . #....#
....###..#.######.#
#...W@<.........#
#.###..#.########
.#.###..#.#
........#.#
.....)....#
#######.###
#.....#.# #########
#.###.#.# #.......#
#.#...#.#


You could see Zaque's ghost.

Vanquished Creatures
  An ooze (D:3)
  A leopard gecko (D:1)
  A ball python (D:2)
  5 bats
  4 giant cockroaches
  3 goblins
  4 hobgoblins
  6 kobolds
  2 quokkas
  5 frilled lizards
  5 rats
37 creatures vanquished.

Notes
Turn   | Place    | Note
-------+----------+-------------------------------------------
     0 | D:1      | MrRokkomies the Ghoul Monk began the quest for the Orb.
     0 | D:1      | Reached XP level 1. HP: 19/19 MP: 0/0
   366 | D:1      | Reached XP level 2. HP: 17/23 MP: 1/1
  1023 | D:2      | Reached skill level 1 in Shields
  1070 | D:2      | Reached XP level 3. HP: 28/30 MP: 2/2
  1115 | D:2      | Reached skill level 4 in Unarmed Combat
  1879 | D:3      | Noticed Zaque's ghost (amateur DDMo)
  1895 | D:3      | HP: 1/31 [Zaque's ghost (9)]
  1897 | D:3      | Mangled by Zaque's ghost

Vault maps used:
D:1:      giann_forest_graveyard, minmay_misc_feat_enclosed

Skill      XL: |  1  2  3 |
---------------+----------+-----
Shields        | 1 |  1.4
Unarmed Combat | 4 |  4.2
Fighting       | |  3.5
Dodging        | |  2.6
Stealth        | |  2.1

Action                   || total
-------------------------++-------
Melee: Unarmed           ||   109
  Use: Scroll            ||     6
       Potion            ||     4
 Stab: Sleeping          ||     7
  Eat: Chunk             ||     8
Armor: Robe              ||     7
       Ring mail         ||     9
Dodge: Dodged            ||    29
Block: Shield            ||    35

Table legend:
 A = Spawn XP
 B = Non-spawn XP
 C = Spawn XP percentage of total XP
 D = Spawn monster count
 E = Non-spawn monster count
 F = Spawn count percentage of total count
 G = Total turns spent on level
                    A         B        C        D         E        F      G
               +---------+---------+-------+---------+---------+-------+---------
         Total |       0 |      63 |   0.0 |       0 |      37 |   0.0 |  1897
               +---------+---------+-------+---------+---------+-------+---------
           D:1 |       0 |      26 |   0.0 |       0 |      17 |   0.0 |   808
           D:2 |       0 |      26 |   0.0 |       0 |      17 |   0.0 |   966
           D:3 |       0 |      11 |   0.0 |       0 |       3 |   0.0 |   123
               +---------+---------+-------+---------+---------+-------+---------
